 Dungeon Crawl Stone Soup version 0.17-a0-1-g1f4be75 (console) character file.

1238 Fusha the Caller (level 8, -8/61 HPs)
             Began as a Demigod Summoner on Mar 13, 2015.
             Mangled by an ice beast (14 damage)
             ... on level 5 of the Dungeon.
             The game lasted 00:33:22 (7585 turns).

Fusha the Caller (Demigod Summoner)                 Turns: 7585, Time: 00:33:22

Health: -8/61      AC:  7    Str: 11    XL:     8   Next: 4%
Magic:  11/21      EV: 14    Int: 23    God:
Gold:   270        SH:  4    Dex: 16    Spells: 4 memorised, 7 levels left

rFire  . . .     SeeInvis .     g - +0 trident
rCold  . . .     Rnd*Rage +     a - +0 robe
rNeg   . . .     SustAb   +     i - +0 buckler
rPois  .         Gourm    .     v - +0 helmet
rElec  .         Spirit   .     t - +0 cloak
rCorr  .         Warding  .     k - +0 pair of gloves
rMut   .         Stasis   .     (no boots)
MR     .....                    (no amulet)
Stlth  +++.......               (no ring)
                                s - +2 ring of protection (curse)

@: not resistant to hostile enchantments, fairly stealthy
A: berserk 1, sustain abilities
a: no special abilities


You were on level 5 of the Dungeon.
You were hungry.

You visited 1 branch of the dungeon, and saw 5 of its levels.

You collected 270 gold pieces.

Inventory:

Hand weapons
 g - a +0 trident (weapon)
 l - a +0 falchion
 y - a -1 falchion
 E - a +0 flail of protection
Missiles
 d - 16 stones (quivered)
Armour
 a - a +0 robe (worn)
 i - a +0 buckler (worn)
 k - a +0 pair of gloves (worn)
 t - a +0 cloak (worn)
 v - a +0 helmet (worn)
Jewellery
 s - a cursed +2 ring of protection (left hand)
Magical devices
 c - a wand of fireball (0)
Scrolls
 h - 2 scrolls of recharging {unknown}
 m - 7 scrolls of remove curse
 n - 2 scrolls of identify {unknown}
 o - 3 scrolls of immolation {unknown}
 p - 3 scrolls of random uselessness
 q - 2 scrolls of teleportation
 r - 2 scrolls of amnesia {unknown}
 u - a scroll of enchant armour {unknown}
 w - a scroll of noise {unknown}
 x - a scroll of fog {unknown}
Potions
 e - a potion of heal wounds
 f - a potion of cure mutation {unknown}
 j - 2 potions of mutation
 z - a potion of haste
 B - a potion of magic {unknown}
Books
 b - a book of Callings

   Spells                             Type                      Level
   a - Summon Small Mammal            Summoning                    1
   b - Call Imp                       Summoning                    2
   c - Call Canine Familiar           Summoning                    3
   d - Summon Guardian Golem          Hexes/Summoning              4
   e - Summon Lightning Spire         Summoning/Air                4
   f - Summon Ice Beast               Ice/Summoning                4
 A - a book of Burglary

   Spells                             Type                      Level
   a - Swiftness                      Charms/Air                   2
   b - Passwall                       Transmutation/Earth          3
   c - Passage of Golubria            Translocation                4
   d - Lee's Rapid Deconstruction     Earth                        5
   e - Invisibility                   Hexes                        6
   f - Darkness                       Hexes                        7
Comestibles
 D - a bread ration


   Skills:
 + Level 2.1 Fighting
 + Level 0.5 Polearms
 + Level 4.9 Dodging
 + Level 3.4 Stealth
 + Level 1.4 Shields
 + Level 4.1 Spellcasting
 + Level 0.6 Charms
 + Level 5.9 Summonings
 + Level 0.3 Air Magic
 + Level 0.4 Evocations


You had 7 spell levels left.
You knew the following spells:

 Your Spells              Type           Power        Failure   Level  Hunger
a - Summon Small Mammal   Summ           ####         1%          1    None
b - Call Canine Familiar  Summ           ####....     3%          3    ##.....
c - Swiftness             Chrm/Air       #.......     17%         2    #......
d - Call Imp              Summ           ####....     1%          2    #......


Dungeon Overview and Level Annotations

Branches:
Dungeon (5/15)
 Temple: D:4-7

Annotations:
D:5 Prince Ribbit


Innate Abilities, Weirdness & Mutations

Your attributes are resistant to harm.
You tend to lose your temper in combat.


Message History

Your hound closely misses the ice beast.
Your crimson imp blinks!
You swap places.
Your hound bites the ice beast.
Your crimson imp hits the ice beast.
The ice beast completely misses you.
Your hound bites the ice beast.
Your crimson imp hits the ice beast but does no damage.
Your hound bites the ice beast.
The ice beast hits you.
* * * LOW HITPOINT WARNING * * *
The ice beast freezes you.
* * * LOW HITPOINT WARNING * * *
Your hound closely misses the ice beast.
Your crimson imp hits the ice beast.
Your hound closely misses the ice beast.
Your hound bites the ice beast but does no damage.
Your hound bites the ice beast.
The ice beast hits you.
* * * LOW HITPOINT WARNING * * *
The ice beast freezes you!
You die...

#### #..###
##...##....###
#...........(##
#..........(..#
..###.......###(.###
..# ###..55..###(..#
#.# #..h....###..##
#.# ##.Y###..###..#
#.# #.@# ##..#))<#
#.# #)†# #......# ##
##.## ##..#
#.......#
##.##...####...#
#>.......#
##..............##
...........
#.......######...#
....###....
#.####..## ##...#
##.. ... ##..# #.###
. ##.## ##.#


You could see an ice beast, a friendly hound, a friendly iron imp and a friendly
crimson imp.

Vanquished Creatures
  Menkaure (D:5)
  A sky beast (D:5)
  An ogre (D:4)
  2 centaurs (D:5)
  Duvessa (D:5)
  A jelly (D:5)
  An orc priest (D:3)
  An iguana (D:4)
  An orc wizard (D:4)
  2 hound skeletons
  4 adders
  2 gnolls (D:5)
  A worm (D:3)
  An adder skeleton (D:4)
  13 orcs
  2 giant cockroaches
  8 goblins
  8 hobgoblins
  2 jackals (D:3)
  8 kobolds
  9 bats
  3 giant geckos
  6 giant newts
  A quokka (D:1)
  10 rats
90 creatures vanquished.

Vanquished Creatures (collateral kills)
  An ogre (D:4)
  A phantom (D:5)
  A centaur (D:5)
  A scorpion (D:4)
  Dowan (D:5)
  2 hounds (D:4)
  2 orc priests
  A gnoll shaman (D:5)
  A jelly (D:5)
  A giant frog skeleton (D:3)
  5 worker ants
  An iguana (D:3)
  3 orc wizards
  A hound zombie (D:5)
  8 gnolls (D:5)
  3 adders
  A giant mite (D:4)
  3 worms
  13 orcs
  A bat skeleton (D:4)
  7 goblins
  7 hobgoblins
  A giant gecko skeleton (D:4)
  4 rats
70 creatures vanquished.

Vanquished Creatures (others)
  2 crimson imps (D:5)
  19 hounds
  3 white imps (D:5)
  4 quokkas
  7 bats
  A rat (D:2)
36 creatures vanquished.

Grand Total: 196 creatures vanquished

Notes
Turn   | Place    | Note
--------------------------------------------------------------
     0 | D:1      | Fusha, the Demigod Summoner, began the quest for the Orb.
     0 | D:1      | Reached XP level 1. HP: 14/14 MP: 3/3
   521 | D:1      | Reached XP level 2. HP: 15/20 MP: 3/5
   818 | D:1      | Reached skill level 4 in Summonings
  1783 | D:2      | Reached XP level 3. HP: 27/27 MP: 3/8
  1788 | D:2      | Learned a level 3 spell: Call Canine Familiar
  2691 | D:3      | Reached XP level 4. HP: 17/34 MP: 8/11
  3269 | D:3      | Reached skill level 1 in Fighting
  3574 | D:3      | Found a stormy altar of Qazlal.
  3662 | D:3      | Reached XP level 5. HP: 22/40 MP: 12/12
  4405 | D:4      | Noticed an ogre
  4411 | D:4      | Killed an ogre
  4538 | D:4      | Noticed an ogre
  4560 | D:4      | Killed an ogre
  4560 | D:4      | Reached skill level 5 in Summonings
  4560 | D:4      | Reached XP level 6. HP: 29/47 MP: 6/16
  5153 | D:4      | Found a blossoming altar of Fedhas.
  5153 | D:4      | Found an ancient bone altar of Kikubaaqudgha.
  5174 | D:4      | Reached skill level 1 in Shields
  5809 | D:4      | Found an iron altar of Okawaru.
  5828 | D:4      | Found a shimmering altar of Xom.
  5858 | D:4      | Found a snail-covered altar of Cheibriados.
  5861 | D:4      | Found a burning altar of Makhleb.
  5865 | D:4      | Learned a level 2 spell: Swiftness
  6019 | D:5      | Entered Level 5 of the Dungeon
  6052 | D:5      | Noticed Duvessa
  6061 | D:5      | Learned a level 2 spell: Call Imp
  6070 | D:5      | Killed Duvessa
  6071 | D:5      | Noticed Dowan
  6090 | D:5      | Killed Dowan
  6090 | D:5      | Reached XP level 7. HP: 43/52 MP: 1/19
  6367 | D:5      | Noticed Menkaure
  6369 | D:5      | Killed Menkaure
  7154 | D:5      | Noticed Prince Ribbit
  7567 | D:5      | Gained mutation: You can spit poison. [potion of mutation]
  7567 | D:5      | Lost mutation: You can spit poison. [potion of mutation]
  7567 | D:5      | Gained mutation: You tend to lose your temper in combat. [potion of mutation]
  7571 | D:5      | Reached XP level 8. HP: 15/61 MP: 9/21
  7585 | D:5      | Mangled by an ice beast

Action                   |  1- 3 |  4- 6 |  7- 9 || total
-------------------------+-------+-------+-------++-------
Melee: Short sword       |    99 |     3 |       ||   102
       Unarmed           |     1 |       |       ||     1
       Falchion          |       |    69 |       ||    69
       Trident           |       |   202 |   141 ||   343
       Flail             |       |       |     4 ||     4
 Cast: Summon Small Mamm |    31 |     3 |       ||    34
       Call Canine Famil |     7 |    26 |    12 ||    45
       Call Imp          |       |     2 |    13 ||    15
       Swiftness         |       |     1 |     2 ||     3
Evoke: Wand              |       |       |     2 ||     2
  Use: Scroll            |       |     4 |       ||     4
       Potion            |       |       |     2 ||     2
 Stab: Sleeping          |     2 |     6 |     3 ||    11
       Distracted        |       |     3 |     3 ||     6
  Eat: Bread ration      |     1 |     3 |       ||     4
       Fruit             |     5 |       |     3 ||     8
       Pizza             |     1 |       |       ||     1
